 Dungeon Crawl Stone Soup version 0.16-a0-2179-gb75b79b (webtiles) character file.

9151 Gorice the Grappler (level 11, -4/78 (79) HPs)
             Began as a Ghoul Wanderer on Nov 12, 2014.
             Was a High Priest of Makhleb.
             Slain by a hill giant
             ... wielding a +0 giant club
              (24 damage)
             ... on level 11 of the Dungeon on Nov 14, 2014.
             The game lasted 01:28:44 (11138 turns).

Gorice the Grappler (Ghoul Wanderer)               Turns: 11138, Time: 01:28:44

HP:   -4/78 (79)    AC: 12    Str: 17    XL:     11   Next: 42%
MP:   21/21         EV: 10    Int:  8    God:    Makhleb [*****.]
Gold: 560           SH:  0    Dex: 10    Spells: 0 memorised, 12 levels left

rFire  . . .     SeeInvis .     B - +0 blowgun
rCold  + . .     Clarity  .     o - +1 chain mail
rNeg   + + +     SustAb   .     (no shield)
rPois  +         Gourm    .     (no helmet)
rElec  .         Spirit   .     (no cloak)
rCorr  .         Warding  +     (no gloves)
rMut   .         Stasis   .     (no boots)
MR     .....                    i - amulet of warding
Stlth  ..........               (no ring)
                                R - +3 ring of evasion

@: rotting, not resistant to hostile enchantments, extremely unstealthy
A: rotting body, claws 1, carnivore 3, cold resistance 1, negative energy
resistance 3, poison resistance, slow healing 1, torment resistance, unbreathing
a: Minor Destruction, Lesser Servant of Makhleb, Major Destruction, Greater
Servant of Makhleb, Renounce Religion


You were on level 11 of the Dungeon.
You worshipped Makhleb.
Makhleb was extremely pleased with you.
You were not hungry.

You visited 2 branches of the dungeon, and saw 12 of its levels.
You also visited: Ossuary.

You collected 560 gold pieces.

Inventory:

Hand weapons
 b - a +1 hunting sling
 m - a +0 spear
 A - a +2 dagger
 B - a +0 blowgun (weapon)
Missiles
 q - 58 sling bullets
 D - 18 tomahawks
 G - 11 poisoned needles (quivered)
 H - 68 bolts
 J - 18 poisoned bolts
 N - 3 poisoned tomahawks
 Z - 228 stones
Armour
 a - a +0 robe of fire resistance
 o - a +1 chain mail (worn)
 u - a +0 pair of gloves
 w - a +0 plate armour
 L - a cursed +0 robe
Jewellery
 i - an amulet of warding (around neck)
 R - a +3 ring of evasion (left claw)
Magical devices
 c - a wand of teleportation (9)
 M - a wand of cold (7)
 O - a wand of magic darts (18)
 P - a wand of magic darts (30)
Scrolls
 e - 3 scrolls of magic mapping
 h - 3 scrolls of remove curse
 j - 2 scrolls of identify
 l - a scroll of recharging
 s - 2 scrolls of teleportation
 y - a scroll of vulnerability {unknown}
 z - a scroll of torment
 K - a scroll of amnesia
Potions
 d - 6 potions of curing
 f - 3 potions of restore abilities
 g - 3 potions of brilliance
 k - a potion of invisibility
 t - 2 potions of haste
 x - 3 potions of heal wounds
 E - 2 potions of flight
 F - a potion of magic
 I - 4 potions of might
 S - a potion of agility
Books
 p - a book of Geomancy

   Spells                             Type                      Level
   Sandblast                          Earth                        1
   Stoneskin                          Transmutation/Earth          2
   Passwall                           Transmutation/Earth          3
   Stone Arrow                        Conjuration/Earth            3
   Petrify                            Transmutation/Earth          4
   Lee's Rapid Deconstruction         Earth                        5
Miscellaneous
 C - a phial of floods
Comestibles
 n - 2 royal jellies
 r - 2 meat rations
 v - 2 slices of pizza
 W - a beef jerky


   Skills:
 - Level 2.1 Fighting
 + Level 8.4 Armour
 - Level 2.1 Stealth
 * Level 13.5 Unarmed Combat
 - Level 1.0 Spellcasting
   Level 1.0 Charms
   Level 3.2 Ice Magic
 + Level 8.3 Invocations


You had 12 spell levels left.
You didn't know any spells.

Dungeon Overview and Level Annotations

Branches:
Dungeon (11/15)            Temple (1/1) D:5             Orc (0/4) D:10
   Lair: D:8-11

Altars:
Ashenzari
Cheibriados
Dithmenos
Elyvilon
Fedhas
Gozag
Kikubaaqudgha
Makhleb
Nemelex Xobeh
Okawaru
Qazlal
Ru
Sif Muna
Trog
Vehumet
Xom
Yredelemnul
Zin
The Shining One

Shops:
D:5 (   D:8 %

Annotations:
D:8 pUX Yaks


Innate Abilities, Weirdness & Mutations

Your body is rotting away.
You thrive on raw meat.
You have sharp fingernails.
You are carnivorous and can eat meat at any time.
Your flesh is cold resistant.
You are immune to negative energy.
Your system is resistant to poisons.
You heal slowly when monsters are visible.
You are immune to unholy pain and torment.
You can survive without breathing.


Message History

Aim: a hill giant, wielding a giant club (lightly wounded)
You shoot a poisoned needle.
The poisoned needle barely misses the hill giant.
The hill giant hits you with a giant club!
Firing (i - inventory. (,) - cycle):
G - 12 poisoned needles (quivered)
Press: ? - help, Shift-Dir - straight line, f/p - hill giant
Aim: a hill giant, wielding a giant club (lightly wounded)
You shoot a poisoned needle.
The poisoned needle hits the hill giant!
The hill giant is poisoned.
The hill giant is lightly wounded.
The hill giant hits you with a giant club!
* * * LOW HITPOINT WARNING * * *
You feel your flesh rotting away.
A giant frog comes into view.
The giant frog gives a loud, deep croak!
Use which ability? (? or * to list)
A demon appears!
You feel slightly more hungry.
The hill giant hits you with a giant club!!
You die...

### #.# #.###########
#....((.....#
###.#########.# #...#
#.# ##.#.## #C#
##.....########@#
##..###.......##3#
...##z##......##..
..###A###.....##...
.####.####.!..##....
.#>.._..>#...>##F####
.####.+###(...##.#
..# #.# ......#.#
#..##># ......+..


You could see a hill giant, a giant frog and a friendly neqoxec.

Vanquished Creatures
  An ugly thing (D:11)
  A trapdoor spider (D:10)
  A deep elf mage (D:9)
  12 yaks
  A shadow (D:10)
  A hungry ghost (D:10)
  2 hippogriffs
  2 sky beasts
  2 ice beasts (D:8)
  2 black bears
  A phantom (D:8)
  5 ogres
  2 necrophages
  An eye of draining (D:10)
  5 orc warriors
  3 centaurs
  2 elf zombies (Ossuary)
  A big kobold (D:7)
  7 giant frogs
  2 wyvern zombies (D:10)
  2 scorpions
  2 wyvern skeletons
  3 killer bees (D:10)
  8 wights
  8 crimson imps
  A gnoll shaman (D:7)
  5 goliath beetles
  5 jellies
  6 hounds
  A giant frog zombie (D:6)
  2 giant frog skeletons
  2 human zombies (Ossuary)
  5 orc priests
  2 centaur skeletons
  2 quasits (D:5)
  2 iguanas
  11 worker ants
  8 orc wizards
  2 mummies (Ossuary)
  2 hound skeletons
  9 adders
  7 gnolls (D:7)
  2 giant mites
  5 worms
  4 giant geckos
  An ooze (D:1)
  36 orcs
  6 giant cockroaches
  11 goblins
  19 hobgoblins
  10 jackals
  18 kobolds
  4 quokkas
  2 ball pythons
  13 bats
  A giant newt (D:3)
  2 goblin zombies (Ossuary)
  10 hobgoblin zombies (Ossuary)
  A jackal zombie (Ossuary)
  11 kobold zombies (Ossuary)
  6 orc zombies (Ossuary)
  7 rats
  3 rat zombies (Ossuary)
321 creatures vanquished.

Vanquished Creatures (collateral kills)
  Joseph (D:7)
  The ghost of ztt the Skirmisher, an experienced MiBe of Trog (D:7)
2 creatures vanquished.

Vanquished Creatures (others)
  A worm (D:3)
1 creature vanquished.

Grand Total: 324 creatures vanquished

Notes
Turn   | Place    | Note
--------------------------------------------------------------
     0 | D:1      | Gorice, the Ghoul Wanderer, began the quest for the Orb.
     0 | D:1      | Gorice set off with: a +2 dagger, a potion of haste, a +0 spear, a potion of curing, a +0 robe
     0 | D:1      | Reached XP level 1. HP: 17/17 MP: 2/2
   236 | D:1      | Reached skill level 1 in Unarmed Combat
   289 | D:1      | Reached XP level 2. HP: 9/24 MP: 3/3
   646 | D:1      | Reached XP level 3. HP: 25/29 MP: 4/4
  1136 | D:2      | Reached XP level 4. HP: 24/36 MP: 4/4
  1961 | D:3      | Found a burning altar of Makhleb.
  1970 | D:3      | Became a worshipper of Makhleb the Destroyer
  2146 | D:3      | Upgraded the game from 0.16-a0-2093-g8c923f7 to 0.16-a0-2145-g6af420d
  2175 | D:3      | Found a radiant altar of Vehumet.
  2286 | D:3      | Reached XP level 5. HP: 33/41 MP: 6/6
  2458 | D:3      | Reached skill level 4 in Unarmed Combat
  2878 | D:4      | Reached XP level 6. HP: 32/48 MP: 7/7
  2909 | D:4      | Reached skill level 5 in Unarmed Combat
  3248 | D:4      | Acquired Makhleb's first power
  3577 | D:5      | Entered Level 5 of the Dungeon
  3616 | D:5      | Found Mnyofy's Weapon Shoppe.
  3652 | D:5      | Found a sand-covered staircase.
  3670 | Ossuary  | Entered an ossuary
  3785 | Ossuary  | Acquired Makhleb's second power
  3894 | Ossuary  | Reached skill level 6 in Unarmed Combat
  3894 | Ossuary  | Reached XP level 7. HP: 32/55 MP: 7/7
  4204 | D:5      | Reached skill level 7 in Unarmed Combat
  4255 | D:5      | Found a staircase to the Ecumenical Temple.
  4265 | Temple   | Entered the Ecumenical Temple
  4537 | D:5      | Reached skill level 1 in Invocations
  4537 | D:5      | Reached XP level 8. HP: 36/60 MP: 8/8
  4922 | D:5      | Acquired Makhleb's third power
  5076 | D:5      | Reached skill level 8 in Unarmed Combat
  5522 | D:5      | Reached skill level 5 in Armour
  5810 | D:6      | Reached skill level 9 in Unarmed Combat
  5989 | D:5      | Reached XP level 9. HP: 53/67 MP: 13/13
  6143 | D:6      | Found a sparkling altar of Nemelex Xobeh.
  6143 | D:6      | Found a white marble altar of Elyvilon.
  6175 | D:6      | Found a glowing silver altar of Zin.
  6237 | D:6      | Acquired Makhleb's fourth power
  6404 | D:6      | Upgraded the game from 0.16-a0-2145-g6af420d to 0.16-a0-2150-g7556756
  6541 | D:7      | Reached skill level 10 in Unarmed Combat
  6802 | D:7      | Reached skill level 5 in Invocations
  6892 | D:7      | Noticed Joseph
  6902 | D:7      | Killed Joseph
  6970 | D:7      | Noticed ztt's ghost (experienced MiBe)
  6981 | D:7      | Killed ztt's ghost
  7318 | D:8      | Reached skill level 11 in Unarmed Combat
  7403 | D:8      | Reached XP level 10. HP: 73/73 MP: 17/17
  7728 | D:8      | Found Pnoi's Food Shop.
  8231 | D:9      | Acquired Makhleb's fifth power
  8397 | D:7      | Reached skill level 12 in Unarmed Combat
  8890 | D:8      | Found a glowing golden altar of the Shining One.
  8976 | D:8      | Found a stormy altar of Qazlal.
  8978 | D:8      | Found a shadowy altar of Dithmenos.
  8981 | D:8      | Found a snail-covered altar of Cheibriados.
  8984 | D:8      | Found a deep blue altar of Sif Muna.
  9542 | D:9      | Reached XP level 11. HP: 79/79 MP: 20/20
  9951 | D:9      | Upgraded the game from 0.16-a0-2150-g7556756 to 0.16-a0-2179-gb75b79b
  9963 | D:10     | Entered Level 10 of the Dungeon
 10127 | D:10     | Reached skill level 13 in Unarmed Combat
 10229 | D:10     | Found a staircase to the Orcish Mines.
 11093 | D:11     | Found a white marble altar of Elyvilon.
 11094 | D:11     | Found a runed door.
 11094 | D:11     | Noticed an angel
 11113 | D:11     | Noticed a hill giant
 11138 | D:11     | Slain by a hill giant

Action                   |  1- 3 |  4- 6 |  7- 9 | 10-12 || total
-------------------------+-------+-------+-------+-------++-------
Melee: Unarmed           |   150 |   336 |   458 |   394 ||  1338
       Dagger            |       |     1 |       |       ||     1
 Fire: Hunting sling     |       |    60 |    91 |   110 ||   261
       Blowgun           |       |       |    10 |    28 ||    38
Throw: Stone             |    11 |    23 |     1 |       ||    35
       Tomahawk          |       |     4 |    11 |     7 ||    22
Invok: Minor Destruction |       |       |     2 |       ||     2
       Lesser Servant of |       |       |     1 |     1 ||     2
  Use: Potion            |     1 |       |       |       ||     1
       Scroll            |     7 |     4 |    14 |     4 ||    29
 Stab: Distracted        |       |       |     1 |       ||     1
  Eat: Chunk             |    15 |    18 |    21 |    22 ||    76
